 Dungeon Crawl Stone Soup version 0.20.1-1-g8b1a95d (webtiles) character file.

42 homeworkjunkie the Skirmisher (level 3, 0/33 HPs)
             Began as a Hill Orc Fighter on Nov 22, 2017.
             Succumbed to an adder's poison
             ... on level 1 of the Dungeon.
             The game lasted 00:03:06 (1311 turns).

homeworkjunkie the Skirmisher (Hill Orc Fighter)    Turns: 1311, Time: 00:03:06

Health: 0/33       AC:  8    Str: 19    XL:     3   Next: 54%
Magic:  3/3        EV:  7    Int:  8    God:
Gold:   103        SH:  9    Dex: 10    Spells: 2/2 levels left

rFire    . . .     SeeInvis .   a - +0 war axe
rCold    . . .     Gourm    .   c - +0 shield
rNeg     . . .     Faith    .   b - +0 scale mail
rPois    .         Spirit   .   k - +0 helmet
rElec    .         Reflect  .   (no cloak)
rCorr    .         Harm     .   (no gloves)
MR       .....                  (no boots)
Stlth    ..........             (no amulet)
Regen    0.2/turn               (no ring)
MPRegen  0.1/turn               (no ring)

@: lethally poisoned (0 -> -3)
A: no striking features
a: no special abilities


You were on level 1 of the Dungeon.
You were not hungry.

You visited 1 branch of the dungeon, and saw 3 of its levels.

You collected 103 gold pieces.

Inventory:

Hand Weapons
 a - a +0 war axe (weapon)
Armour
 b - a +0 scale mail (worn)
 c - a +0 shield (worn)
 k - a +0 helmet (worn)
Scrolls
 f - a scroll of teleportation {unknown}
 g - a scroll of enchant armour {unknown}
 h - a scroll of remove curse
 j - a scroll of identify
 l - a scroll of amnesia {unknown}
 m - a scroll of fog {unknown}
 n - a scroll of magic mapping {unknown}
 o - a scroll of immolation {unknown}
Potions
 d - a potion of might
 e - a potion of flight
 i - a potion of agility {unknown}


   Skills:
 * Level 4.1 Fighting
 * Level 3.6 Axes
 * Level 3.5 Armour
 * Level 3.8 Shields


You had 2 spell levels left.
You didn't know any spells.

Dungeon Overview and Level Annotations

Branches:
Dungeon (3/15)

Altars:
The Shining One


Message History

You are too injured to fight recklessly!
You are too injured to fight recklessly!
You are too injured to fight recklessly!
You are too injured to fight recklessly!
You are too injured to fight recklessly!
You are too injured to fight recklessly!
Unknown command.
You feel sick. You block the adder's attack.
The goblin unwields an uncursed club.
The goblin wields a hunting sling.
The goblin shoots a stone.
The stone barely misses you.
You see here a stone.
The orc priest invokes the aid of Beogh against you.
Beogh smites you!
* * * LOW HITPOINT WARNING * * *
* * * LOW HITPOINT WARNING * * *
You feel sick. You block the adder's attack.
There is a stone staircase leading up here.
The adder barely misses you.
You climb upwards.
You die...

#...........# ##..###..
##.#........# ##..##.##.
#.########.# ##..##...##
#.# #.####..#'..#..# #.#
#..#...##..#.#.. #.######
#....###..#._.#. #.##...#
#.##...##..#.#..
#.##.#.########..##..#..#
##.......@......#..##...##
#........S#####.##..##.##.
#.≈≈......# #.###..###..
#..⌠......# #.# ##..#..#
#.≈≈≈.....# #.# ##.#.##
#.........# #.# #...##
###############.# ##....
#.......# #.... #.......#
#....


You could see an adder.

Vanquished Creatures
  An adder (D:2)
  An ooze (D:1)
  2 worms
  A dart slug (D:2)
  A leopard gecko (D:1)
  A giant cockroach (D:1)
  4 hobgoblins
  A bat (D:2)
  2 frilled lizards (D:1)
  5 kobolds
  5 rats
24 creatures vanquished.

Notes
Turn   | Place    | Note
-------+----------+-------------------------------------------
     0 | D:1      | homeworkjunkie the Hill Orc Fighter began the quest for the Orb.
     0 | D:1      | Reached XP level 1. HP: 19/19 MP: 1/1
   368 | D:1      | Reached XP level 2. HP: 25/27 MP: 2/2
   430 | D:1      | You fall through a shaft!
   488 | D:1      | Found a glowing golden altar of the Shining One.
   946 | D:2      | Reached XP level 3. HP: 30/33 MP: 3/3
   988 | D:3      | Reached skill level 4 in Fighting
  1047 | D:2      | Found a faded altar of an unknown god.
  1309 | D:2      | HP: 1/33 [poisoned by an adder]
  1311 | D:1      | Succumbed to an adder's poison

Skill      XL: |  1  2  3 |
---------------+----------+-----
Axes           | 3 |  3.6
Fighting       | 4 |  4.1
Armour         | |  3.5
Shields        | |  3.8

Action                   || total
-------------------------++-------
Melee: War axe           ||    77
  Use: Scroll            ||     4
       Potion            ||     1
  Eat: Bread ration      ||     1
Armor: Scale mail        ||    25
Dodge: Dodged            ||    31
Block: Shield            ||    43
